 Dungeon Crawl Stone Soup version 0.23.0 (webtiles) character file.

Game seed: 3547191191856704811

172 Borgoz the Sneak (level 5, -2/32 HPs)
             Began as a Kobold Assassin on Feb 16, 2019.
             Slain by an iguana (10 damage)
             ... on level 4 of the Dungeon.
             The game lasted 00:07:37 (2822 turns).

Borgoz the Sneak (Kobold Assassin)                  Turns: 2822, Time: 00:07:38

Health: -2/32      AC:  3    Str:  9    XL:     5   Next: 82%
Magic:  5/5        EV: 15    Int: 12    God:
Gold:   130        SH:  0    Dex: 17    Spells: 4/4 levels left

rFire    . . .     SeeInvis .   a - +2 dagger
rCold    . . .     Gourm    .   (shield restricted)
rNeg     . . .     Faith    .   c - +0 robe
rPois    .         Spirit   .   (no helmet)
rElec    .         Reflect  .   d - +0 cloak
rCorr    .         Harm     .   (no gloves)
MR       .....                  (no boots)
Stlth    +++.......             (no amulet)
HPRegen  0.10/turn              j - ring of attention (curse)
MPRegen  0.09/turn              (no ring)

@: no status effects
A: small, carnivore
a: no special abilities


You were on level 4 of the Dungeon.
You were very full.

You visited 1 branch of the dungeon, and saw 4 of its levels.

You collected 130 gold pieces.

Inventory:

Hand Weapons
 a - a +2 dagger (weapon)
 b - a +0 blowgun
 m - a +3 dagger
Missiles
 e - 4 poisoned needles
 f - 5 curare-tipped needles
Armour
 c - a +0 robe (worn)
 d - a +0 cloak (worn)
Jewellery
 j - a cursed ring of attention (left hand)
Scrolls
 h - a scroll of enchant armour {unknown}
 k - 3 scrolls of remove curse {unknown}
 n - a scroll of enchant weapon {unknown}
 o - a scroll of random uselessness {unknown}
Potions
 i - a potion of heal wounds
 l - a potion of ambrosia {unknown}
Comestibles
 g - 2 rations


   Skills:
 + Level 3.2 Fighting
 * Level 4.7 Short Blades
 - Level 2.1 Throwing
 + Level 2.5 Dodging
 * Level 6.8 Stealth


You had 4 spell levels left.
You didn't know any spells.
Your spell library was empty.

Dungeon Overview and Level Annotations

Branches:
Dungeon (4/15)
 Temple: D:4-7

Altars:
Cheibriados
Elyvilon
Makhleb
Okawaru
Qazlal
Uskayaw
Yredelemnul


Innate Abilities, Weirdness & Mutations

You are small and have problems with some larger weapons.
You are carnivorous and can eat meat at any time.


Message History

The iguana is severely wounded.
The iguana closely misses you.
You barely miss the iguana.
The iguana is severely wounded.
You hit the iguana but do no damage.
The iguana is severely wounded.
The iguana closely misses you.
You hit the iguana.
The iguana is almost dead.
The iguana misses you.
You hit the iguana but do no damage.
The iguana is almost dead.
The iguana bites you!
* * * LOW HITPOINT WARNING * * *
You barely miss the iguana.
The iguana is almost dead.
You hit the iguana but do no damage.
The iguana is almost dead.
The iguana bites you!
You die...

### ###### #.>### ......##
##.....##...... ........
...................#
...(....##..................#
......#..##.....#...........#
.....# #...................#
(...%###.....# #@##..#.....#
.....##..#...# #l##. ......#
#......$..#.###.##$##.....#
##.......#.(........#.<....#
.........#.................#
##......##..........#......#
#...................#......#
........#..................#
##....................######


You could see an iguana.

Vanquished Creatures
  An orc wizard (D:3)
  A hound skeleton (D:4)
  A gnoll (D:2)
  4 adders
  An ooze (D:3)
  2 worms (D:2)
  2 dart slugs
  3 leopard geckos
  3 orcs (D:3)
  A ball python (D:1)
  5 bats
  A giant cockroach (D:3)
  6 goblins
  7 hobgoblins
  7 jackals
  3 quokkas
  5 frilled lizards
  5 kobolds
  A leopard gecko skeleton (D:4)
  5 rats
64 creatures vanquished.

Vanquished Creatures (others)
  2 plants (D:4)
2 creatures vanquished.

Grand Total: 66 creatures vanquished

Notes
Turn   | Place    | Note
-------+----------+-------------------------------------------
     0 | D:1      | Borgoz the Kobold Assassin began the quest for the Orb.
     0 | D:1      | Reached XP level 1. HP: 12/12 MP: 1/1
    53 | D:1      | Reached XP level 2. HP: 17/17 MP: 2/2
   291 | D:1      | Reached XP level 3. HP: 19/22 MP: 3/3
   465 | D:2      | Found a burning altar of Makhleb.
   497 | D:2      | Found a snail-covered altar of Cheibriados.
   565 | D:2      | Reached skill level 6 in Stealth
   814 | D:2      | Reached XP level 4. HP: 24/27 MP: 4/4
  1023 | D:3      | Found an iron altar of Okawaru.
  1058 | D:3      | Reached XP level 5. HP: 6/32 MP: 5/5
  1070 | D:3      | Found a white marble altar of Elyvilon.
  1070 | D:3      | Found a hide-covered altar of Uskayaw.
  1070 | D:3      | Found a stormy altar of Qazlal.
  1075 | D:3      | Found a basalt altar of Yredelemnul.
  2822 | D:4      | Slain by an iguana

Skill      XL: |  1  2  3  4 |
---------------+-------------+-----
Short Blades   | 3 4 |  4.7
Dodging        | 2 |  2.5
Stealth        | 6 |  6.8
Fighting       | 3 |  3.2
Throwing       | |  2.1

Action                   |  1- 3 |  4- 6 || total
-------------------------+-------+-------++-------
Melee: Dagger            |   127 |   154 ||   281
 Fire: Blowgun           |       |    20 ||    20
  Use: Potion            |     2 |     1 ||     3
       Scroll            |     1 |       ||     1
 Stab: Sleeping          |     2 |     3 ||     5
       Invisible         |     1 |       ||     1
       Distracted        |       |     1 ||     1
  Eat: Chunk             |     8 |     5 ||    13
Armor: Robe              |    33 |     9 ||    42
Dodge: Dodged            |    99 |    85 ||   184
